 Dungeon Crawl Stone Soup version 0.32-a0-12-g7fc57aa741 (webtiles) character file.

Game seed: 10173150806998097841

219189 croobank the Spry (level 18, -1/100 (104) HPs)
             Began as a Felid Summoner on Jan 13, 2024.
             Was an Initiate of Gozag.
             Shot with an arrow by a deep elf master archer (25 damage)
             ... on level 3 of the Elven Halls on Jan 14, 2024.
             The game lasted 03:33:32 (44816 turns).

croobank the Spry (Felid Summoner)                 Turns: 44816, Time: 03:33:33

HP:   -1/100 (104)  AC:  3    Str:  4    XL:     18   Next: 44%
MP:   2/47          EV: 32    Int: 26    God:    Gozag
Gold: 8045          SH:  5    Dex: 18    Spells: 9/48 levels left
                                        Lives: 0   Deaths: 6

rFire   + .          .
                       - Unarmed
rCold   + + +        (shield unavailable)
rNeg    . . .        (body armour unavailable)
rPois   .            (helmet unavailable)
rElec   +            (cloak unavailable)
rCorr   .            (gloves unavailable)
SInv    +            (boots unavailable)
Will    ++...        u - amulet of reflection
Stlth   +++++        i - ring of Peinul {rF++ MP+9 Stlth+}
HPRegen 0.36/turn    Q - ring "Hysmioq" {Wiz rElec rF- rC++}
MPRegen 0.30/turn

%: reflection, wizardry (x1)
@: lightly drained, invisible
A: very small, claws 1, fangs 3, see invisible, shaggy fur 3, stealthy paws, no
weapons or thrown items, no armour, multi-lived
}: 1/15 runes: serpentine
a: Renounce Religion, Potion Petition, Call Merchant, Bribe Branch


You were on level 3 of the Elven Halls.
You worshipped Gozag.
Gozag was greatly pleased with you.
You visited 6 branches of the dungeon, and saw 30 of its levels.
You also visited: Gauntlet.

You collected 12652 gold pieces.
You spent 3465 gold pieces at shops.
You paid 1142 gold pieces to Gozag.

Inventory:

Jewellery
 e - a ring of willpower
 i - the ring of Peinul (left paw) {rF++ MP+9 Stlth+}
   (You acquired it on level 8 of the Dungeon)

   [ring of magical power]

   rF++:      It greatly protects you from fire.
   MP+9:      It affects your magic capacity (+9).
   Stlth+:    It makes you more stealthy.
 n - a +6 ring of dexterity
 q - a +6 ring of intelligence
 u - an amulet of reflection (around neck)
 B - a ring of magical power
 F - a +6 ring of dexterity
 G - an amulet of regeneration
 Q - the ring "Hysmioq" (right paw) {Wiz rElec rF- rC++}
   (You bought it in a shop on level 1 of the Orcish Mines)

   [ring of wizardry]

   Wiz:       It improves your spell success rate.
   rF-:       It makes you vulnerable to fire.
   rC++:      It greatly protects you from cold.
   rElec:     It insulates you from electricity.
 R - a ring of protection from cold
 S - a ring of positive energy
 T - a ring of resist corrosion
 U - a +6 ring of dexterity
 W - the ring of the Weak God {rN+ MP+9 Dex+2 Stlth+}
   (You bought it in a shop on level 2 of the Orcish Mines)

   [ring of magical power]

   Dex+2:     It affects your dexterity (+2).
   rN+:       It protects you from negative energy.
   MP+9:      It affects your magic capacity (+9).
   Stlth+:    It makes you more stealthy.
 X - a ring of protection from fire
 Z - a ring of poison resistance
Talismans
 A - a dragon-blood talisman
Wands
 a - a wand of paralysis (12)
 m - a wand of iceblast (22)
 p - a wand of digging (8)
 z - a wand of mindburst (18)
 H - a wand of polymorph (13)
 I - a wand of acid (7)
 K - a wand of flame (27)
Scrolls
 b - 11 scrolls of teleportation
 f - 3 scrolls of fear
 j - 6 scrolls of blinking
 k - 5 scrolls of revelation
 o - 4 scrolls of poison
 t - 3 scrolls of immolation
 w - 8 scrolls of identify
 y - 2 scrolls of torment
 C - a scroll of acquirement
 D - a scroll of noise
 O - 2 scrolls of silence
 P - a scroll of amnesia
 V - 4 scrolls of fog
Potions
 c - a potion of mutation
 d - 7 potions of haste
 g - 5 potions of attraction
 h - 3 potions of resistance
 l - 3 potions of might
 r - 4 potions of enlightenment
 s - 9 potions of ambrosia
 v - 8 potions of curing
 x - 5 potions of lignification
 E - 3 potions of berserk rage
 L - 5 potions of brilliance
 M - a potion of cancellation
Miscellaneous
 Y - a phial of floods


   Skills:
 - Level 15.0 Fighting
 - Level 19.0 Dodging
 - Level 8.0 Stealth
 + Level 5.8 Unarmed Combat
 - Level 15.5 Spellcasting
 - Level 13.0 Hexes
 - Level 16.0 Summonings
 - Level 7.0 Translocations
 - Level 5.0 Fire Magic
 - Level 7.0 Air Magic


You had 9 spell levels left.
You knew the following spells:

 Your Spells              Type           Power      Damage    Failure   Level
b - Call Imp              Summ           100%       N/A       0%          2
c - Call Canine Familiar  Summ           80%        N/A       0%          3
d - Summon Blazeheart Go  Fire/Summ      65%        N/A       1%          4
e - Summon Lightning Spi  Summ/Air       68%        N/A       1%          4
f - Summon Mana Viper     Hex/Summ       77%        N/A       1%          5
g - Summon Forest         Summ/Tloc      34%        N/A       1%          5
h - Summon Cactus Giant   Summ           40%        N/A       1%          6
j - Summon Hydra          Summ           40%        N/A       1%          7
T - Tukima's Dance        Hex            73%        N/A       1%          3

Your spell library contained the following spells:

 Spells                   Type           Power      Damage    Failure   Level
 Slow                     Hex            100%       N/A       0%          1
 Summon Small Mammal      Summ           100%       N/A       0%          1
 Kiss of Death            Conj/Necr      80%        2d11      1%          1
 Magic Dart               Conj           80%        1d7       1%          1
 Necrotise                Necr           80%        1d8       1%          1
 Cigotuvi's Dreadful Rot  Necr/Alch/Air  64%        N/A       1%          2
 Ensorcelled Hibernation  Hex/Ice        100%       N/A       1%          2
 Lesser Beckoning         Tloc           100%       N/A       1%          2
 Mercury Vapours          Alch/Air       76%        N/A       1%          2
 Searing Ray              Conj           40%        2d5       1%          2
 Static Discharge         Conj/Air       76%        3-7/arc   1%          2
 Confusing Touch          Hex            73%        N/A       1%          3
 Dazzling Flash           Conj/Hex       100%       N/A       1%          3
 Gell's Gravitas          Tloc           54%        N/A       1%          3
 Mephitic Cloud           Conj/Alch/Air  32%        N/A       1%          3
 Sigil of Binding         Hex            73%        N/A       1%          3
 Swiftness                Air            54%        N/A       1%          3
 Teleport Other           Tloc           54%        N/A       1%          3
 Volatile Blastmotes      Fire/Tloc      100%       2d18      1%          3
 Airstrike                Air            27%        2d(4-20)  1%          4
 Martyr's Knell           Necr/Summ      58%        N/A       1%          4
 Vhi's Electric Charge    Tloc/Air       100%       N/A       1%          4
 Metabolic Englaciation   Hex/Ice        26%        N/A       1%          5
 Silence                  Hex/Air        32%        N/A       1%          5
 Frozen Ramparts          Ice            40%        1d7       3%          3
 Passwall                 Erth           20%        N/A       3%          3
 Vampiric Draining        Necr           20%        2d7       3%          3
 Ignite Poison            Fire/Alch      33%        N/A       4%          4
 Sticky Flame             Fire/Alch      33%        2d7       4%          4
 Arcjolt                  Conj/Air       19%        1d29      7%          5
 Dispersal                Tloc           27%        N/A       9%          6
 Fulminant Prism          Conj/Alch      10%        3d9       11%         4
 Leda's Liquefaction      Alch/Erth      10%        N/A       11%         4
 Petrify                  Alch/Erth      20%        N/A       11%         4
 Freezing Cloud           Conj/Ice/Air   16%        6-21      12%         5
 Curse of Agony           Necr           20%        N/A       28%         5
 Iskenderun's Battlesphe  Conj           20%        2d7       28%         5
 Spellforged Servitor     Conj/Summ      29%        N/A       32%         7
 Starburst                Conj/Fire      16%        6d6       47%         6
 Eringya's Noxious Bog    Alch           10%        4d6       82%         6
 Sculpt Simulacrum        Ice/Alch       10%        N/A       82%         6
 Maxwell's Capacitive Co  Air            27%        ∞         98%         8
 Orb of Destruction       Conj           10%        9d6       100%        7
 Ozocubu's Refrigeration  Ice            10%        4d9       100%        7
 Ignition                 Fire           23%        3d8       100%        8
 Chain Lightning          Conj/Air       19%        3d25      100%        9
 Fire Storm               Conj/Fire      16%        8d4       100%        9
 Polar Vortex             Ice            10%        12d1*     100%        9
 Shatter                  Erth           10%        3d11*     100%        9
 Dimensional Bullseye     Hex/Tloc       Unusable   N/A       N/A         4

Dungeon Overview and Level Annotations

Branches:
Dungeon (15/15)            Temple (1/1) D:6            Lair (5/5) D:10
  Swamp (0/4) Lair:2        Snake (4/4) Lair:2        Slime (0/5) Lair:4
    Orc (2/2) D:11            Elf (3/3) Orc:2        Vaults (0/5) D:13
 Depths (0/4) D:15        Gauntlet (visited)

Altars:
Ashenzari
Cheibriados
Dithmenos
Elyvilon
Fedhas
Gozag
Hepliaklqana
Kikubaaqudgha
Makhleb
Nemelex Xobeh
Okawaru
Qazlal
Ru
Sif Muna
Trog
Uskayaw
Vehumet
Wu Jian
Xom
Yredelemnul
Zin
The Shining One
Jiyva

Shops:
D:13 *   Orc:1 ==?!*   Orc:2 *[=(   Elf:2 [

Annotations:
D:6 1 runed translucent door, Crazy Yiuf, Jeremiah
Snake:1 2 transporters, Skeral's ghost, journeyman OnHW


Innate Abilities, Weirdness & Mutations

You have sharp claws.
You have razor-sharp teeth.
You have supernaturally acute eyesight. (SInv)
Your thick and shaggy fur keeps you warm. (AC +3, rC+)
Your paws help you pounce on unaware monsters.
You are incapable of wielding weapons or throwing items.
You cannot wear armour.
You gain extra lives every three experience levels.


Message History

Your four-headed hydra's corpse disappears in a puff of smoke!
The deep elf master archer shoots an arrow.
The arrow hits your mana viper!!!
The deep elf master archer shoots an arrow.
The arrow hits your mana viper!!!
Your mana viper dies!
Your mana viper disappears in a puff of smoke!
The deep elf master archer shoots an arrow.
The arrow closely misses you.
Aiming: Corrosive Bolt
Press: ? - help, Shift-Dir - straight line, f - deep elf master archer
Aim: a deep elf master archer, wielding a +0 longbow and wearing a +0 leather armour (53% to hit)
The bolt of acid hits the deep elf master archer!
The deep elf master archer is lightly wounded.
The deep elf master archer shoots an arrow.
The arrow hits you!!
The deep elf master archer shoots an arrow.
The arrow hits you!!!
Aiming: Corrosive Bolt
Press: ? - help, Shift-Dir - straight line, f/p - deep elf master archer
Aim: a deep elf master archer, wielding a +0 longbow and wearing a +0 leather armour (lightly wounded, 53% to hit)
Okay, then.
Okay, then.
Okay, then.
Okay, then.
Okay, then.
Casting: Summon Hydra (dangerous; 1% risk of failure)
Confirm with . or Enter, or press ? or * to list all spells.
A mana viper appears with a sibilant hiss.
The deep elf master archer shoots an arrow.
The arrow hits you!
* * * LOW HITPOINT WARNING * * *
The deep elf master archer shoots an arrow.
You block the arrow with an invisible shield... and reflect it back!
The arrow closely misses the deep elf master archer.
You fade into invisibility!
The deep elf master archer shoots an arrow.
The arrow hits you!!
You die...
Your body crumbles into a pile of gold.

#..### ##.......## #'#..#
# ##'# ##.........##
#.#### ## #.#
#...........# #.# ##. #.#
##.........## #.# #.. #.#
##.......#####'#### #§#
#.#
##'#.....'##)......#####.#
#<#
#.###...##e..$$.........*#
##.# ##^##
##.###.S.♣♣♣♣♣...#####
##'###.# ####@..♣♣ ♣♣...#
'[<.#'## #..♣♣ ♣♣..#
.....## #..♣ ♣..#
...[..##########..♣ ♣..#
......'........'..♣ ♣..#
......##########..♣♣ ♣♣..#
.....## #...♣♣ ♣♣[..#
#...## ##...♣♣♣♣♣...##
##### ##.........##


You could see a deep elf master archer (unable to see you, ally target) and a
friendly mana viper (summoned).

Vanquished Creatures
  An orc warlord (Orc:2)
  The ghost of Kibis the Hazy, a journeyman DsGl of Hepliaklqana (D:14)
  6 hydras
  A centaur warrior (D:8)
  2 anacondas (Snake:1)
  The ghost of randumb the Nimble, a journeyman TeAE of Makhleb (Lair:2)
  2 two-headed ogres
  2 skysharks
  2 mana vipers
  An ugly thing (D:14)
  A cyclops (D:13)
  2 elephants (Lair:1)
  A torpor snail (Lair:3)
  3 black mambas
  A rime drake (Lair:3)
  5 cane toads
  5 komodo dragons
  A queen bee (Lair:1)
  2 trolls
  3 polar bears
  5 hornets
  A spriggan (Lair:5)
  A water elemental (Elf:2)
  5 slime creatures
  34 yaks
  A basilisk (D:8)
  A naga (Snake:1)
  6 vampire mosquitoes
  6 water moccasins
  2 ogres
  A boggart (Lair:5)
  9 wolves
  A centaur (D:10)
  A bullfrog (Lair:2)
  3 wights (D:7)
  16 killer bees
  3 electric eels (D:14)
  2 hounds (D:5)
  A sleepcap (D:6)
  5 adders
  A gnoll (D:2)
  5 orcs
  3 ball pythons
  4 bats
  2 endoplasms (D:3)
  A giant cockroach (D:2)
  4 hobgoblins
  2 jackals (D:4)
  A quokka (D:4)
  7 goblins
  6 kobolds
  A rat (D:1)
184 creatures vanquished.

Vanquished Creatures (collateral kills)
  Asterion (Snake:3)
  A deep elf blademaster (Elf:2)
  6 nagarajas (Snake:4)
  A deep elf sorcerer (Elf:2)
  Louise (Snake:1)
  3 deep elf elementalists (Elf:3)
  2 deep elf demonologists
  4 deep elf death magi (Elf:3)
  4 deep elf annihilators
  2 ettins
  A fire dragon (D:10)
  An entropy weaver (shapeshifter) (D:15)
  4 vault guards (D:13)
  3 salamander tyrants
  The ghost of Qigaf the Toxicologist, a journeyman DsAl of Sif Muna (D:12)
  A hydra (Lair:3)
  10 anacondas
  Erica (D:8)
  13 naga warriors
  4 boulder beetles
  27 dancing weapons
  3 centaur warriors
  A two-headed ogre (D:13)
  3 tengu warriors (D:15)
  3 orc high priests (Orc:2)
  23 naga sharpshooters
  11 shock serpents
  Nergalle (Lair:2)
  16 deep elf knights
  3 salamander mystics
  Amaemon (Lair:2)
  6 naga ritualists
  12 mana vipers
  A deep troll (D:15)
  An arcanist (D:13)
  13 deep elf archers
  4 orc knights (Orc:2)
  33 deep elf pyromancers
  26 deep elf zephyrmancers
  8 nameless horrors
  5 orc sorcerers (Orc:2)
  A manticore (D:11)
  17 salamanders
  5 ugly things
  8 elephants
  4 cyclopes
  A black mamba (shapeshifter) (D:14)
  4 kobold blastminers
  A meliai (shapeshifter) (D:14)
  20 black mambas
  5 guardian serpents
  9 naga magi
  An orange demon (Lair:2)
  A torpor snail (Lair:3)
  9 cane toads
  Maggie (D:8)
  2 rime drakes
  An unseen horror (D:11)
  2 efreet
  4 komodo dragons
  A yaktaur (D:15)
  Psyche (D:11)
  A queen bee (shapeshifter) (D:14)
  2 hornets (Lair:5)
  7 polar bears
  9 blink frogs (Lair:3)
  2 slime creatures
  10 spriggans (Lair:5)
  2 air elementals
  Sigmund (D:5)
  2 shadows
  3 wyverns
  4 vampires (D:13)
  3 wraiths
  2 basilisks
  30 yaks
  3 fire elementals
  4 wargs
  17 vampire mosquitoes
  35 nagas
  10 water moccasins
  29 orc warriors
  2 ice beasts
  2 ice beasts (shapeshifter)
  3 black bears
  3 ogres
  3 boggarts (Lair:5)
  4 centaurs
  16 wolves
  2 kobold brigands
  8 bullfrogs
  4 earth elementals
  2 gnoll sergeants
  3 scorpions
  13 wights
  A killer bee (shapeshifter) (D:13)
  19 killer bees
  3 howler monkeys (D:9)
  A jelly (D:6)
  A howler monkey (shapeshifter) (D:15)
  A lava snake (D:10)
  2 bombardier beetles
  A crimson imp (D:7)
  A gnoll bouda (D:7)
  22 orc priests
  2 hounds
  3 iguanas
  Terence (D:2)
  22 orc wizards
  4 hell rats (Lair:2)
  17 gnolls
  3 adders
  5 white imps
  4 ribbon worms
  60 orcs
  5 ball pythons
  4 bats
  5 endoplasms
  3 giant cockroaches
  5 goblins
  6 hobgoblins
  10 jackals
  4 quokkas
  2 frilled lizards
  10 kobolds
  A rat (D:2)
832 creatures vanquished.

Vanquished Creatures (others)
  A deep elf knight (Elf:1)
  A naga (Snake:4)
  113 blazeheart cores
  22 snaplasher vines
137 creatures vanquished.

Grand Total: 1153 creatures vanquished

Notes
Turn   | Place    | Note
-------+----------+-------------------------------------------
     0 | D:1      | croobank the Felid Summoner began the quest for the Orb.
     0 | D:1      | Reached XP level 1. HP: 9/9 MP: 4/4
    60 | D:1      | Found a faded altar of an unknown god.
   349 | D:1      | Reached skill level 3 in Dodging
   349 | D:1      | Reached XP level 2. HP: 13/13 MP: 6/6
   352 | D:1      | Learned a level 2 spell: Call Imp
   973 | D:2      | Noticed Terence
   979 | D:2      | Reached XP level 3. HP: 16/16 MP: 2/7
   983 | D:2      | Learned a level 3 spell: Call Canine Familiar
  1001 | D:2      | Slain by Terence
  1001 | D:2      | Lost a life (0 lives remaining)
  1037 | D:2      | Killed Terence
  1259 | D:2      | Reached XP level 4. HP: 21/21 MP: 8/8
  1259 | D:2      | Gained a life (1 life remaining)
  1422 | D:2      | Reached skill level 4 in Dodging
  1574 | D:2      | Reached XP level 5. HP: 25/25 MP: 6/10
  2615 | D:3      | HP: 1/25 [poisoned by an adder]
  2615 | D:3      | Frozen to death by an endoplasm
  2615 | D:3      | Lost a life (0 lives remaining)
  2668 | D:3      | Reached skill level 1 in Fighting
  2987 | D:4      | Noticed a black bear
  3107 | D:4      | Found a broken altar of Ashenzari.
  3108 | D:4      | Found a shimmering blue altar of Sif Muna.
  3108 | D:4      | Found a blossoming altar of Fedhas.
  3109 | D:4      | Found the +1 Delatra's gloves {ID++}
  3110 | D:4      | Found a basalt altar of Yredelemnul.
  3110 | D:4      | Found a sacrificial altar of Ru.
  3125 | D:4      | Gained mutation: You are covered in thick fur. (AC +2)
                  | [Felid growth]
  3125 | D:4      | Reached XP level 6. HP: 28/30 MP: 7/11
  3130 | D:4      | Reached skill level 5 in Stealth
  3153 | D:4      | Found a sparkling altar of Nemelex Xobeh.
  3153 | D:4      | Found a glowing silver altar of Zin.
  3195 | D:4      | Reached skill level 5 in Summonings
  3484 | D:4      | Reached skill level 5 in Dodging
  3864 | D:3      | Learned a level 4 spell: Summon Blazeheart Golem
  4090 | D:4      | Reached XP level 7. HP: 35/35 MP: 1/13
  4090 | D:4      | Gained a life (1 life remaining)
  4212 | D:4      | Reached skill level 1 in Fire Magic
  4272 | D:5      | Entered Level 5 of the Dungeon
  4606 | D:5      | Noticed Sigmund
  4824 | D:5      | Reached skill level 6 in Dodging
  4896 | D:5      | Reached XP level 8. HP: 40/40 MP: 11/15
  5106 | D:6      | Noticed Jeremiah
  5130 | D:6      | Learned a level 4 spell: Summon Lightning Spire
  5161 | D:6      | Reached skill level 1 in Air Magic
  5399 | D:6      | Found a staircase to the Ecumenical Temple.
  5409 | Temple   | Entered the Ecumenical Temple
  5424 | Temple   | Became a worshipper of Gozag Ym Sagoz the Greedy
  5508 | D:6      | HP: 2/40 [Jeremiah/divine providence (12)]
  5693 | D:5      | Killed Sigmund
  5947 | D:6      | Found a runed translucent door.
  5948 | D:6      | Noticed Crazy Yiuf
  6120 | D:7      | Reached skill level 5 in Air Magic
  6122 | D:7      | Reached XP level 9. HP: 44/44 MP: 8/16
  6600 | D:7      | Found a shimmering altar of Xom.
  6600 | D:7      | Found a burning altar of Makhleb.
  6882 | D:7      | Found an ornate altar of the Wu Jian Council.
  7175 | D:7      | Reached skill level 7 in Dodging
  7361 | D:7      | Reached skill level 5 in Spellcasting
  7514 | D:8      | Noticed Erica
  7557 | D:8      | Killed Erica
  7895 | D:8      | Identified 3 scrolls of acquirement
  7895 | D:8      | Acquired the ring of Peinul {rF++ MP+9 Stlth+}
  7983 | D:8      | Reached skill level 5 in Fighting
  7983 | D:8      | Reached skill level 8 in Dodging
  7983 | D:8      | Reached XP level 10. HP: 51/51 MP: 19/19
  7983 | D:8      | Gained a life (2 lives remaining)
  8020 | D:8      | Noticed Maggie
  8027 | D:8      | Killed Maggie
  8115 | D:8      | Noticed a cyclops
  8124 | D:8      | Killed a cyclops
  8556 | D:8      | Acquired 886 gold pieces
  8642 | D:8      | Reached skill level 9 in Dodging
  8736 | D:8      | You fall into a shaft and drop 2 floors!
  8736 | D:10     | Entered Level 10 of the Dungeon
  8737 | D:10     | Acquired 1052 gold pieces
  9655 | D:8      | Noticed a centaur warrior
  9671 | D:8      | Killed a centaur warrior
  9672 | D:8      | Reached skill level 10 in Dodging
  9672 | D:8      | Reached XP level 11. HP: 52/58 MP: 22/22
  9758 | D:9      | Found a bloodstained altar of Trog.
 10072 | D:10     | Noticed a fire dragon
 10082 | D:10     | Killed a fire dragon
 10281 | D:10     | Found a staircase to the Lair.
 10602 | D:10     | Found an ancient bone altar of Kikubaaqudgha.
 11151 | D:11     | Learned a level 5 spell: Summon Mana Viper
 11157 | D:11     | Learned a level 5 spell: Summon Forest
 11260 | D:11     | Reached skill level 1 in Hexes
 11260 | D:11     | Reached skill level 1 in Translocations
 11314 | D:11     | Reached skill level 11 in Dodging
 11438 | D:11     | Found a staircase to the Orcish Mines.
 11761 | D:11     | Noticed Psyche
 11766 | D:11     | Killed Psyche
 11927 | D:11     | Noticed a two-headed ogre
 11933 | D:11     | Killed a two-headed ogre
 11934 | D:11     | Reached skill level 5 in Hexes
 11934 | D:11     | Reached skill level 5 in Translocations
 11934 | D:11     | Gained mutation: Your thick and shaggy fur keeps you warm.
                  | (AC +3, rC+) [Felid growth]
 11934 | D:11     | Reached XP level 12. HP: 36/64 MP: 22/25
 12462 | D:12     | Found a runed translucent gate.
 12462 | D:12     | Found a runed translucent gate.
 12462 | D:12     | Found a runed translucent gate.
 12463 | D:12     | Noticed Qigaf's ghost (journeyman DsAl)
 12493 | D:12     | Killed Qigaf's ghost
 12761 | D:12     | Found a gate leading to a gauntlet.
 12765 | Gauntlet | Entered a Gauntlet
 12765 | Gauntlet | Found a transporter.
 12765 | Gauntlet | Found a transporter.
 12778 | Gauntlet | Found a transporter.
 12801 | Gauntlet | Found a transporter.
 12815 | Gauntlet | Found a transporter.
 12834 | Gauntlet | Noticed a great orb of eyes
 12835 | Gauntlet | Found a transporter.
 12845 | Gauntlet | Found a transporter.
 12845 | Gauntlet | Found a transporter.
 12852 | Gauntlet | Noticed a reaper
 12858 | Gauntlet | Found a transporter.
 12874 | Gauntlet | Found a transporter.
 12888 | Gauntlet | Noticed a dire elephant
 13319 | D:12     | Noticed a two-headed ogre
 13330 | D:12     | Killed a two-headed ogre
 14082 | D:12     | HP: 3/65 [enormous slime creature (62)]
 14465 | Lair:1   | Entered Level 1 of the Lair of Beasts
 14769 | Lair:1   | Reached skill level 12 in Dodging
 14902 | Lair:1   | Reached skill level 10 in Summonings
 15624 | Lair:2   | Found a runed translucent gate.
 15627 | Lair:2   | Found a staircase to the Swamp.
 15730 | Lair:2   | Noticed a seven-headed hydra
 15744 | Lair:2   | Killed a seven-headed hydra
 15861 | Lair:2   | Found a staircase to the Snake Pit.
 15939 | Lair:2   | Reached XP level 13. HP: 70/70 MP: 27/27
 16055 | Lair:2   | Noticed Nergalle
 16060 | Lair:2   | Killed Nergalle
 16096 | Lair:2   | Noticed Amaemon
 16107 | Lair:2   | Killed Amaemon
 16533 | Lair:2   | Found a runed translucent gate.
 16533 | Lair:2   | Found a runed translucent gate.
 16533 | Lair:2   | Noticed randumb's ghost (journeyman TeAE)
 16582 | Lair:2   | Killed randumb's ghost
 16583 | Lair:2   | Reached skill level 13 in Dodging
 16583 | Lair:2   | Reached skill level 10 in Spellcasting
 17294 | Lair:3   | Reached skill level 5 in Fire Magic
 17807 | Lair:3   | Got Sif Muna's Spellbook of Altered Execration
 18047 | Lair:3   | Reached skill level 10 in Fighting
 18954 | Lair:4   | Reached skill level 14 in Dodging
 19305 | Lair:4   | Found a viscous altar of Jiyva.
 19305 | Lair:4   | Found a staircase to the Slime Pits.
 19479 | Lair:4   | Learned a level 6 spell: Summon Cactus Giant
 19917 | Lair:5   | Entered Level 5 of the Lair of Beasts
 20201 | Lair:5   | Reached XP level 14. HP: 77/77 MP: 23/30
 21625 | Lair:5   | Reached skill level 15 in Dodging
 21802 | Lair:5   | Identified the staff of the Final Chapter {rPois Int+3
                  | Dex+2 Conj}
 22087 | Lair:5   | Learned a level 7 spell: Summon Hydra
 22249 | Orc:1    | Entered Level 1 of the Orcish Mines
 22365 | Orc:1    | Found Mykhoson's Jewellery Emporium.
 22378 | Orc:1    | Bought the ring "Hysmioq" {Wiz rElec rF- rC++} for 654 gold
                  | pieces
 22378 | Orc:1    | Bought a ring of protection from cold for 300 gold pieces
 22378 | Orc:1    | Bought a ring of positive energy for 240 gold pieces
 22392 | Orc:1    | Found Vufec's Jewellery Shoppe.
 22633 | Orc:1    | Found Beimik's Distillery.
 22645 | Orc:1    | Found Omoqisal's General Store.
 22671 | Orc:1    | Bought a potion of enlightenment for 75 gold pieces
 22671 | Orc:1    | Bought a scroll of poison for 60 gold pieces
 22671 | Orc:1    | Bought a potion of curing for 45 gold pieces
 22671 | Orc:1    | Bought a scroll of blinking for 112 gold pieces
 22673 | Orc:1    | Bought 3 scrolls of identify for 90 gold pieces
 22717 | Orc:1    | Bought a potion of resistance for 140 gold pieces
 22717 | Orc:1    | Bought a potion of brilliance for 56 gold pieces
 22717 | Orc:1    | Bought a potion of heal wounds for 70 gold pieces
 22717 | Orc:1    | Bought a potion of heal wounds for 70 gold pieces
 22717 | Orc:1    | Bought a potion of haste for 140 gold pieces
 22765 | Orc:1    | Bought a ring of resist corrosion for 360 gold pieces
 22933 | Orc:1    | Found Qotsocve's Magic Scroll Shop.
 22941 | Orc:1    | Bought a scroll of vulnerability for 60 gold pieces
 22941 | Orc:1    | Bought a scroll of silence for 142 gold pieces
 22941 | Orc:1    | Bought a scroll of identify for 30 gold pieces
 22941 | Orc:1    | Bought a scroll of fog for 60 gold pieces
 23047 | Orc:2    | Entered Level 2 of the Orcish Mines
 23485 | Orc:2    | Found a staircase to the Elven Halls.
 23684 | Orc:2    | Noticed an orc warlord
 23698 | Orc:2    | Killed an orc warlord
 23702 | Orc:2    | Mangled by an orc knight
 23702 | Orc:2    | Lost a life (1 life remaining)
 23854 | Orc:2    | Found Daimiyn's Antique Armour Shop.
 23854 | Orc:2    | Found Inyre's Antique Weapon Boutique.
 24261 | Orc:2    | Found Ysiss's General Store.
 24262 | Orc:2    | Found Qiazieg's Jewellery Shop.
 24277 | Orc:2    | Bought a wand of flame (7) for 63 gold pieces
 24278 | Orc:2    | Bought the ring of the Weak God {rN+ MP+9 Dex+2 Stlth+} for
                  | 458 gold pieces
 25155 | D:13     | Found Fygaofum's Blood Bar.
 25260 | D:13     | Found a gate to the Vaults.
 25268 | D:13     | Reached XP level 15. HP: 77/84 MP: 22/32
 25268 | D:13     | Gained a life (2 lives remaining)
 25281 | D:13     | Reached skill level 16 in Dodging
 25706 | D:14     | Found a runed translucent door.
 25706 | D:14     | Noticed Kibis's ghost (journeyman DsGl)
 25749 | D:14     | Killed Kibis's ghost
 25900 | D:14     | Identified the staff of Disaster {rC+ Str+3 Dex+4 Ice}
 27029 | D:14     | Found an opulent altar of Gozag.
 27131 | D:15     | Entered Level 15 of the Dungeon
 27177 | D:15     | Found an iron altar of Okawaru.
 27621 | D:15     | Identified the +7 halberd of Mourning {chaos, ^Drain rC++
                  | rN+++ SInv}
 27841 | D:15     | Found a staircase to the Depths.
 28647 | Snake:1  | Entered Level 1 of the Snake Pit
 28978 | Orc:2    | Bought a ring of poison resistance for 240 gold pieces
 29369 | Snake:1  | Noticed Louise
 29378 | Snake:1  | Killed Louise
 29443 | Snake:1  | Identified the +0 robe of Conscience {Int+3}
 29485 | Snake:1  | Found a transporter.
 29488 | Snake:1  | Found a bloodstained altar of Trog.
 29489 | Snake:1  | Noticed Skeral's ghost (journeyman OnHW)
 29505 | Snake:1  | Found a transporter.
 29687 | Snake:1  | Reached skill level 17 in Dodging
 29805 | Snake:1  | Identified the +10 rapier "Qigitt" {protect, +Blink Dex+4
                  | SInv}
 30900 | Snake:2  | Reached XP level 16. HP: 91/91 MP: 32/34
 32402 | Snake:2  | Slain by an anaconda
 32402 | Snake:2  | Lost a life (1 life remaining)
 32925 | Snake:3  | Reached skill level 18 in Dodging
 33816 | Snake:3  | Noticed Asterion
 33827 | Snake:3  | Killed Asterion
 34407 | Snake:4  | Entered Level 4 of the Snake Pit
 34911 | Snake:4  | Upgraded the game from 0.32-a0-7-ge934b4519a to
                  | 0.32-a0-12-g7fc57aa741
 35257 | Snake:4  | Killed from afar by a nagaraja
 35257 | Snake:4  | Lost a life (0 lives remaining)
 35308 | Snake:4  | Learned a level 3 spell: Tukima's Dance
 35885 | Snake:4  | Reached skill level 19 in Dodging
 35894 | Snake:4  | Reached XP level 17. HP: 98/98 MP: 4/36
 35894 | Snake:4  | Gained a life (1 life remaining)
 36064 | Snake:4  | Reached skill level 15 in Summonings
 36426 | Snake:4  | Reached skill level 15 in Fighting
 36842 | Snake:4  | Got a serpentine rune of Zot
 37174 | Elf:1    | Entered Level 1 of the Elven Halls
 37186 | Elf:1    | Paralysed by an air elemental for 1 turns
 37436 | Elf:1    | Found a radiant altar of Vehumet.
 38797 | Elf:1    | Reached skill level 10 in Hexes
 39352 | Elf:1    | Got the Directory of Force
 39969 | Elf:2    | Reached skill level 15 in Spellcasting
 40265 | Elf:2    | Found Gadappe's Armour Shop.
 40479 | Elf:2    | Found a runed translucent gate.
 40480 | Elf:2    | Found a runed translucent gate.
 40480 | Elf:2    | Found a runed translucent gate.
 40823 | Elf:2    | Reached XP level 18. HP: 58/104 MP: 10/38
 41803 | Elf:2    | Reached skill level 1 in Unarmed Combat
 42400 | Elf:3    | Entered Level 3 of the Elven Halls
 43371 | Elf:3    | Shot with an arrow by a deep elf master archer
 43371 | Elf:3    | Lost a life (0 lives remaining)
 43630 | Elf:3    | Reached skill level 5 in Unarmed Combat
 44816 | Elf:3    | Shot with an arrow by a deep elf master archer

Illustrated notes

Levels and vault maps discovered:
D:1:      dpeg_arrival_short_road, layout_rooms,
          nicolae_ecumenical_snake_handling
D:2:      minmay_evil_eye, layout_loops_cross, minmay_misc_feat_alley,
          uniq_terence
D:3:      layout_rooms, amcnicky_mini_corridor_feature
D:4:      layout_basic, grunt_temple_overflow_open, small_statue_intersection
D:5:      layout_loops_cross, uniq_sigmund
D:6:      layout_basic, minmay_temple_entry_grid,
          hangedman_decor_diamond_cutter, uniq_crazy_yiuf_cottage, uniq_jeremiah
D:7:      layout_basic, grunt_temple_overflow_champion_of_chaos,
          mainiacjoe_overflow_boulevard
D:8:      minmay_diamond_stairs, layout_gridville, minmay_crystal_room,
          minmay_holes, uniq_maggie, uniq_erica
D:9:      layout_roguey, trog_three_pillars_becter, minmay_misc_feat_roman
D:10:     dragon1_lemuel, layout_stronghold, mainiacjoe_overflow_24_doors,
          lair_entry_dummy
D:11:     layout_loops_ring, david_orc_4, uniq_psyche
D:12:     layout_basic, gauntlet_entry_generic, ebering_ghost_rock_garden
D:13:     layout_irregular_city, lightli_vaults_fourway_checkpoint,
          skrybe_limestone_x, guppyfry_shop_blood
D:14:     layout_basic, gammafunk_ghost_grave, nicolae_gozag_seed_capital
D:15:     hangedman_depths_entry_civil_slaughter, layout_gridville,
          okawaru_metal_pillars_1_2
Temple:   hellmonk_temple_beads
Lair:1:   layout_roguey [special_room_bee]
Lair:2:   layout_concentric_octagons, swamp_mist, alex1729_snake_entry_snake,
          ebering_ghost_rock_garden, uniq_nergalle, uniq_amaemon
Lair:3:   layout_gridlike, grunt_megastairs_5
Lair:4:   layout_gridlike, dpeg_slime_entry_enclosed, lemuel_fruit_tree
Lair:5:   minmay_lair_end_enchanted_forest, layout_regular_city,
          patterned_corridor
Snake:1:  layout_gridlike, gammafunk_ghost_wrathful_warriors, uniq_louise
Snake:2:  layout_basic
Snake:3:  layout_rooms, uniq_asterion
Snake:4:  grunt_snake_rune_spirals, layout_onion_interference, uniq_mlioglotl
Orc:1:    layout_caves, serial_shops, nicolae_diamond_shop, shop,
          shop_fountains, nicolae_shop_tiny_waterfront, shop
Orc:2:    st_orc_congregation, layout_diamond_mine
Elf:1:    eino_elf_arrival_altar, layout_loops_cross, minmay_elf_sorcery
Elf:2:    nicolae_elf_blades_crystal_corner, layout_gridlike, serial_shops,
          shop, nrook_mini_backslash
Elf:3:    grunt_elf_hall_asides, layout_geoelf_octagon

Skill      XL: |  1  2  3  4  5  6  7  8  9 10 11 12 13 14 15 16 17 18 |
---------------+-------------------------------------------------------+-----
Stealth        | 3 4 5 8 |  8.0
Dodging        | 3 4 5 6 8 10 11 12 14 15 17 19 | 19.0
Spellcasting   | 3 4 5 6 8 9 11 12 13 14 15 | 15.5
Fighting       | 1 2 3 5 6 8 9 10 12 13 14 15 | 15.0
Summonings     | 5 7 8 9 10 12 13 14 16 | 16.0
Fire Magic     | 2 3 4 5 |  5.0
Air Magic      | 5 7 |  7.0
Hexes          | 5 7 12 13 | 13.0
Translocations | 5 7 |  7.0
Unarmed Combat | 5 |  5.8

Action                     |  1- 3 |  4- 6 |  7- 9 | 10-12 | 13-15 | 16-18 || total
---------------------------+-------+-------+-------+-------+-------+-------++-------
  Melee: Unarmed           |    26 |   126 |    51 |    58 |   148 |    36 ||   445
         Bite              |     2 |    10 |    11 |     8 |    29 |     9 ||    69
         Punch             |       |     2 |       |     1 |     2 |       ||     5
   Cast: Summon Small Mamm |    26 |    33 |    15 |     4 |     3 |       ||    81
         Call Imp          |    11 |    23 |     9 |     4 |     7 |       ||    54
         Call Canine Famil |     1 |    19 |    10 |    11 |    28 |     1 ||    70
         Summon Blazeheart |       |     1 |    20 |    76 |    86 |     5 ||   188
         Summon Lightning  |       |       |    11 |    29 |    41 |    21 ||   102
         Summon Mana Viper |       |       |       |    10 |    52 |    86 ||   148
         Summon Forest     |       |       |       |     6 |    60 |    30 ||    96
         Summon Cactus Gia |       |       |       |       |    67 |    41 ||   108
         Summon Hydra      |       |       |       |       |     4 |   188 ||   192
         Tukima's Dance    |       |       |       |       |       |    10 ||    10
 Invoke: Potion Petition   |       |       |       |       |       |     4 ||     4
  Evoke: Wand              |       |       |       |       |     4 |     2 ||     6
    Use: Potion            |     1 |       |     2 |     1 |     1 |    13 ||    18
         Scroll            |       |     4 |    11 |    10 |     7 |     6 ||    38
   Stab: Sleeping          |     3 |     6 |     2 |     4 |     2 |       ||    17
         Distracted        |       |       |     3 |     2 |     2 |       ||     7
 Armour: Skin              |    12 |    33 |    21 |    41 |   135 |   125 ||   367
  Dodge: Dodged            |    29 |   185 |    59 |   140 |   418 |   268 ||  1099
  Block: Other             |       |       |       |    20 |       |    11 ||    31
         Reflection        |       |       |       |     1 |       |     3 ||     4

Table legend: (Time is in decaauts)
 A = Elapsed time spent in this place.
 B = Non-inter-level travel time spent in this place.
 C = Inter-level travel time spent in this place.
 D = Time resting spent in this place.
 E = Time spent auto-exploring this place.
 F = Levels seen in this place.
 G = Mean time per level.
                   A        B        C        D        E       F      G
               +--------+--------+--------+--------+--------+-----+--------+
         Total |  44862 |  42764 |   2098 |  10773 |  22257 |  31 | 1447.2 |
       Dungeon |  18736 |  17712 |   1024 |   3373 |  10280 |  15 | 1249.1 |
        Temple |     30 |      1 |     29 |      0 |      0 |   1 |   30.0 |
          Lair |   7935 |   7541 |    394 |   1321 |   4369 |   5 | 1587.0 |
     Snake Pit |   8037 |   7704 |    333 |   2115 |   4020 |   4 | 2009.2 |
  Orcish Mines |   2331 |   2132 |    199 |    332 |   1147 |   2 | 1165.5 |
   Elven Halls |   7642 |   7525 |    117 |   3632 |   2440 |   3 | 2547.3 |
      Gauntlet |    148 |    148 |      0 |      0 |      0 |   1 |  148.0 |
               +--------+--------+--------+--------+--------+-----+--------+

Top non-repeatable levels by time:
   Elf:2: 3444 daAuts
 Snake:4: 2536 daAuts
  Lair:5: 2214 daAuts
   Elf:1: 2208 daAuts
 Snake:2: 2022 daAuts
   Elf:3: 1988 daAuts
    D:12: 1871 daAuts
  Lair:3: 1801 daAuts
 Snake:1: 1766 daAuts
 Snake:3: 1713 daAuts
  Lair:2: 1702 daAuts
     D:8: 1652 daAuts
    D:14: 1645 daAuts
     D:7: 1507 daAuts
    D:11: 1502 daAuts
